 Dungeon Crawl Stone Soup version 0.27.0-1-g7a089689b8 (webtiles) character file.

Game seed: 11877972601441956185

34 Gunterle the Sneak (level 3, 0/28 HPs)
             Began as a Vampire Delver on Aug 10, 2021.
             Succumbed to a kobold brigand's poison
             ... in a sewer.
             The game lasted 00:05:58 (921 turns).

Gunterle the Sneak (Vampire Delver)                  Turns: 921, Time: 00:05:59

Health: 0/28       AC:  4    Str: 11    XL:     3   Next: 14%
Magic:  3/3        EV: 12    Int: 13    God:
Gold:   37         SH:  0    Dex: 15    Spells: 2/2 levels left

rFire    . . .     SeeInvis +   d - +0 dagger
rCold    . . .     Faith    .   (no shield)
rNeg     . . .     Spirit   .   b - +1 leather armour
rPois    .         Reflect  .   (no helmet)
rElec    .         Harm     .   (no cloak)
rCorr    .         Rampage  .   (no gloves)
Will     .....                  (no boots)
Stlth    +++.......             (no amulet)
HPRegen  0.29/turn              (no ring)
MPRegen  0.08/turn              (no ring)

@: lethally poisoned (0 -> -2), attractive, flying, healing quickly
A: alive, fangs 3, see invisible, vampiric 2
a: Exsanguinate


You were in a sewer.
You visited 1 branch of the dungeon, and saw 4 of its levels.
You also visited: Sewer.

You collected 37 gold pieces.

Inventory:

Hand Weapons
 a - a +0 short sword
 d - a +0 dagger (weapon)
 k - a +0 hunting sling
Missiles
 h - 52 stones (quivered)
 n - 25 bolts
Armour
 b - a +1 leather armour (worn)
Wands
 g - a wand of digging (3)
Scrolls
 c - a scroll of fog
Potions
 f - a potion of haste
 j - a potion of flight


   Skills:
 + Level 2.9 Fighting
 * Level 3.1 Short Blades
 + Level 2.6 Dodging
 + Level 7.5 Stealth


You had 2 spell levels left.
You didn't know any spells.
Your spell library was empty.

Dungeon Overview and Level Annotations

Branches:
Dungeon (6/15)              Sewer (1/1)
 Temple: D:4-7

Altars:


Innate Abilities, Weirdness & Mutations

Your natural rate of healing is accelerated.
You have razor-sharp teeth.
You have supernaturally acute eyesight. (SInv)
You are afflicted with vampirism and can become a bat while bloodless.


Message History

The kobold brigand is moderately wounded.
You hear a splash.
You feel sick.
You feel sick.
The kobold brigand throws a poisoned dart.
The poisoned dart hits you!
You are lethally poisoned!
* * * LOW HITPOINT WARNING * * *
You feel very sick.
Unknown command.
It was a potion of flight.
You feel very buoyant.
You fly up into the air.
* * * LOW HITPOINT WARNING * * *
You feel sick.
It was a potion of attraction.
You feel attractive to monsters.
* * * LOW HITPOINT WARNING * * *
You feel sick.
The kobold brigand is pulled toward you!
Okay, then.
As you read the scroll labelled EXKUERHANE, it crumbles to dust.
It is a scroll of enchant armour.
Really abort (and waste the scroll)? [Y]es or [N]o only, please.
Really abort (and waste the scroll)?
Your +0 leather armour glows green for a moment.
* * * LOW HITPOINT WARNING * * *
You feel sick. The kobold brigand barely misses you.
Unknown command.
As you read the scroll of fear, it crumbles to dust.
You assume a fearsome visage.
The kobold brigand looks frightened!
* * * LOW HITPOINT WARNING * * *
You feel sick.
The kobold brigand is pulled toward you!
Unknown command.
* * * LOW HITPOINT WARNING * * *
You feel sick.
The kobold brigand is pulled toward you!
You die...

#†#
#.#
#.#
#.#
#)#
#≈#
#≈#
#≈#
#@#
#≈#
#K#
#≈#
#≈#
#≈#
#≈#
#≈#
#(#


You could see a kobold brigand (fleeing, very poisoned).

Vanquished Creatures
  An adder (D:4)
  A worm (D:3)
  A dart slug (D:3)
  3 goblins
  3 hobgoblins
  A jackal (Sewer)
  3 kobolds (Sewer)
  A quokka (D:3)
  5 rats (Sewer)
19 creatures vanquished.

Notes
Turn   | Place    | Note
-------+----------+-------------------------------------------
     0 | D:5      | Gunterle the Vampire Delver began the quest for the Orb.
     0 | D:5      | Reached XP level 1. HP: 17/17 MP: 1/1
   104 | D:6      | Noticed a centaur
   206 | D:5      | Noticed a scorpion
   561 | D:4      | Reached XP level 2. HP: 6/23 MP: 2/2
   721 | D:3      | Found a glowing drain.
   770 | Sewer    | Entered a sewer
   789 | Sewer    | Gained mutation: You are afflicted with vampirism and can
                  | become a bat while bloodless. [Vampire growth]
   789 | Sewer    | Reached XP level 3. HP: 28/28 MP: 3/3
   818 | Sewer    | Noticed a kobold brigand
   920 | Sewer    | HP: 1/28 [poisoned by a kobold brigand]
   921 | Sewer    | Succumbed to a kobold brigand's poison

Illustrated notes

Levels and vault maps discovered:
D:3:      layout_basic, okawaru_altar_gauntlet_db, cheibrodos_sewer_entry_bend,
          uniq_robin
D:4:      layout_loops_cross, minivault_11, uniq_pikel, uniq_sigmund,
          uniq_crazy_yiuf_cottage
D:5:      layout_rooms, minmay_temple_entry_statues_fountains
D:6:      layout_gridville
Sewer:    sewer_kobolds

Skill      XL: |  1  2 |
---------------+-------+-----
Short Blades   | 3 |  3.1
Fighting       | |  2.9
Dodging        | |  2.6
Stealth        | |  7.5

Action                   || total
-------------------------++-------
Melee: Dagger            ||    67
       Short sword       ||    11
       Bite              ||     7
Throw: Stone             ||     4
       Dart              ||    13
  Use: Scroll            ||     3
       Potion            ||     2
 Stab: Distracted        ||     1
       Sleeping          ||     6
Armor: Leather armour    ||     9
Dodge: Dodged            ||    48
